AoeStats
← stepych

Enclosed

505947614Analyzed
1v1 RM · 21d ago on Sep 11, 2026· 51m 44s· 2 players
Game mode
Random Map
Map size
Tiny (2 player)
Population
200
Speed
Normal
Resources
Standard
Victory
Conquest
Starting age
Dark Age
Ending age
Imperial Age
RankedLock teamsTeams togetherTeam positionsShared explorationLock speedFull tech treeHidden civsTurbo modeCheats
Victory
Defeat
🇦🇷 Cumans · Argentina
1073
+15
🇷🇺 Wei · Russia
1043
-41
stepych
4:18 Loom
10:09 Feudal Age
10:42 Double-Bit Axe
10:41 Horse Collar
11:42 Town Watch
12:36 Wheelbarrow
15:08 Gold Mining
24:06 Castle Age
22:50 Padded Archer Armor
22:41 Fletching
25:34 Bow Saw
25:59 Leather Archer Armor
25:39 Bodkin Arrow
26:37 Husbandry
26:53 Bloodlines
27:35 Thumb Ring
29:37 Ballistics
31:54 Elite Skirmisher
33:23 Scale Barding Armor
33:35 Forging
35:29 Gold Shaft Mining
35:03 Heavy Plow
35:33 Chain Barding Armor
35:49 Iron Casting
40:02 Imperial Age
41:56 Parthian Tactics
45:18 Ring Archer Armor
44:49 Bracer
47:00 Blast Furnace
49:26 Pikeman
50:09 Squires
Harrillo8268
5:48 Loom
9:57 Feudal Age
16:17 Horse Collar
16:42 Double-Bit Axe
23:47 Castle Age
25:15 Wheelbarrow
24:26 Town Watch
24:23 Crossbowman
25:09 Thumb Ring
26:48 Ballistics
28:24 Fletching
28:34 Padded Archer Armor
34:14 Imperial Age
32:33 Bodkin Arrow
32:56 Leather Archer Armor
33:31 Heavy Plow
34:15 Gold Mining
34:19 Stone Mining
34:41 Bow Saw
36:00 Hand Cart
37:43 Bloodlines
36:59 Light Cavalry
38:37 Gold Shaft Mining
39:04 Two-Man Saw
38:38 Crop Rotation
38:48 Ring Archer Armor
43:05 Scale Barding Armor
43:10 Forging
43:46 Hussar
50:58 Conscription
50:16 Cavalier
51:42 Iron Casting
Connection lost

Rejoining the realm…

Still unreachable

The connection could not be restored.

Session expired

The server has moved on; the page needs a fresh start.